 Dungeon Crawl Stone Soup version 0.22-a0-159-g7ce444f (webtiles) character file.

1983 Azzok the Thaumaturge (level 9, 0/45 HPs)
             Began as a Deep Elf Air Elementalist on Feb 9, 2018.
             Slain by a wight
             ... wielding a +2 war axe
              (10 damage)
             ... on level 7 of the Dungeon.
             The game lasted 00:17:20 (7492 turns).

Azzok the Thaumaturge (Deep Elf Air Elementalist)   Turns: 7492, Time: 00:17:21

Health: 0/45       AC:  3    Str:  5    XL:     9   Next: 1%
Magic:  2/24       EV: 12    Int: 24    God:
Gold:   364        SH:  0    Dex: 15    Spells: 12/26 levels left

rFire    . . .     SeeInvis .   x - +0 dagger (elec)
rCold    . . .     Gourm    .   (no shield)
rNeg     . . .     Faith    .   a - +0 robe
rPois    .         Spirit   .   o - +0 helmet
rElec    .         Reflect  .   (no cloak)
rCorr    .         Harm     .   (no gloves)
MR       .....                  (no boots)
Stlth    +.........             (no amulet)
HPRegen  0.15/turn              j - ring of loudness (curse)
MPRegen  0.19/turn              (no ring)

@: drained
A: no striking features
a: no special abilities


You were on level 7 of the Dungeon.
You were hungry.

You visited 1 branch of the dungeon, and saw 7 of its levels.

You collected 404 gold pieces.
You spent 40 gold pieces at shops.

Inventory:

Hand Weapons
 x - a +0 dagger of electrocution (weapon)
Armour
 a - a +0 robe (worn)
 o - a +0 helmet (worn)
 q - the +2 helmet "Ceghutso" {rF+ MP+9 Str-5}
   (You found it on level 4 of the Dungeon)

   It affects your strength (-5).
   It protects you from fire.
   It affects your magic capacity (+9).
Jewellery
 j - a cursed ring of loudness (left hand)
Wands
 l - a wand of acid (7)
Scrolls
 d - 3 scrolls of identify
 e - 6 scrolls of teleportation
 f - 6 scrolls of remove curse
 h - a scroll of enchant weapon
 i - 4 scrolls of magic mapping
 k - 2 scrolls of fog
 m - a scroll of blinking
 p - a scroll of amnesia
 w - a scroll of immolation
Potions
 g - a potion of agility {unknown}
 s - a potion of brilliance {unknown}
 v - 3 potions of curing
Books
 b - a book of Air

   Spells                             Type                      Level
   a - Shock                          Conjuration/Air              1
   b - Swiftness                      Charms/Air                   2
   c - Static Discharge               Conjuration/Air              3
   d - Airstrike                      Air                          4
   e - Lightning Bolt                 Conjuration/Air              5
 n - a book of Necromancy

   Spells                             Type                      Level
   a - Pain                           Necromancy                   1
   b - Animate Skeleton               Necromancy                   1
   c - Vampiric Draining              Necromancy                   3
   d - Regeneration                   Charms/Necromancy            3
   e - Animate Dead                   Necromancy                   4
 t - a book of Minor Magic

   Spells                             Type                      Level
   a - Magic Dart                     Conjuration                  1
   b - Blink                          Translocation                2
   c - Call Imp                       Summoning                    2
   d - Slow                           Hexes                        2
   e - Conjure Flame                  Conjuration/Fire             3
   f - Mephitic Cloud                 Conjuration/Poison/Air       3
Comestibles
 c - 9 rations


   Skills:
 - Level 2.4(1.8) Dodging
 - Level 2.4(1.8) Stealth
 + Level 9.3(8.5) Spellcasting
 + Level 7.5(6.7) Conjurations
 + Level 7.4(6.7) Air Magic


You had 12 spell levels left.
You knew the following spells:

 Your Spells              Type           Power        Failure   Level  Hunger
a - Shock                 Conj/Air       ####         1%          1    None
b - Swiftness             Chrm/Air       ####....     2%          2    None
c - Airstrike             Air            #####.....   3%          4    ##.....
d - Lightning Bolt        Conj/Air       #####.....   11%         5    ####...
e - Blink                 Tloc           N/A          10%         2    None


Dungeon Overview and Level Annotations

Branches:
Dungeon (7/15)
 Temple: D:4-7

Altars:
Ashenzari
Cheibriados
Fedhas
Gozag
Ru
Trog
Xom

Shops:
D:6 !

Annotations:
D:2 Ijyb


Message History

Your experience leads to an increase in your attributes!
Increase (S)trength, (I)ntelligence, or (D)exterity?
You feel clever.
* * * LOW MAGIC WARNING * * *
The wight hits you with an enchanted war axe.
You feel drained. The wight barely misses you.
Things that are here:
a morningstar of freezing; a chain mail
Okay, then.
You hit the wight but do no damage.
The wight is lightly damaged.
You barely miss the wight.
The wight is lightly damaged.
The wight hits you with an enchanted war axe!
* * * LOW HITPOINT WARNING * * *
You feel drained.
* * * LOW HITPOINT WARNING * * *
The wight hits you with an enchanted war axe!
You die...

▒··▒ ▒·▒·▒ ▒·▒▒ ▒▒▒···▒ ▒·▒
▒····▒▒ ▒▒▒·▒ ▒··▒▒·(▒▒
▒·)·▒ ▒·· ▒▒··▒ ▒·▒▒▒
▒·▒▒▒▒▒▒·▒▒▒▒▒
▒▒▒▒▒▒▒▒·▒▒▒▒▒·▒···········
·········z·······▒▒▒▒·▒▒▒▒▒
▒········@▒▒▒▒▒▒▒····)····
▒▒▒▒······················
▒····▒▒▒▒▒▒▒▒▒·········
▒···▒▒ ▒▒▒▒▒▒▒▒▒▒ ▒▒▒▒▒


You could see a wight.

Vanquished Creatures
  The ghost of esc the Chopper, a novice HOAr (D:5)
  An orc warrior (D:7)
  A phantom (D:6)
  An ogre (D:4)
  3 centaurs
  Blork the orc (D:6)
  3 bullfrogs
  2 wights (D:7)
  A howler monkey (D:7)
  A vampire bat (D:5)
  3 hounds (D:4)
  A quasit (D:7)
  5 orc wizards
  An orc priest (D:6)
  A jelly (D:6)
  Natasha (D:3)
  An iguana (D:4)
  3 worker ants
  9 adders
  6 gnolls
  An adder zombie (D:7)
  2 worms
  A dart slug (D:4)
  4 leopard geckos
  17 orcs
  A ball python (D:4)
  3 giant cockroaches
  8 hobgoblins
  23 jackals
  4 quokkas
  15 bats
  4 frilled lizards
  10 goblins
  7 kobolds
  4 rats
150 creatures vanquished.

Vanquished Creatures (others)
  5 dream sheep (D:6)
  2 fungi (D:3)
7 creatures vanquished.

Grand Total: 157 creatures vanquished

Notes
Turn   | Place    | Note
-------+----------+-------------------------------------------
     0 | D:1      | Azzok the Deep Elf Air Elementalist began the quest for the Orb.
     0 | D:1      | Reached XP level 1. HP: 10/10 MP: 6/6
   369 | D:1      | Reached XP level 2. HP: 15/15 MP: 6/8
   373 | D:1      | Learned a level 2 spell: Swiftness
   933 | D:2      | Found an opulent altar of Gozag.
  1425 | D:2      | Reached XP level 3. HP: 19/19 MP: 6/10
  1720 | D:2      | Found a bloodstained altar of Trog.
  1996 | D:2      | Reached skill level 4 in Spellcasting
  2112 | D:3      | Noticed Ijyb
  2395 | D:3      | Reached XP level 4. HP: 20/24 MP: 8/12
  2559 | D:3      | Found a blossoming altar of Fedhas.
  2915 | D:3      | Noticed Natasha
  2971 | D:3      | Killed Natasha
  3169 | D:3      | Learned a level 4 spell: Airstrike
  3201 | D:3      | Reached XP level 5. HP: 28/28 MP: 11/14
  3208 | D:3      | Learned a level 5 spell: Lightning Bolt
  3555 | D:4      | Reached skill level 5 in Spellcasting
  3679 | D:4      | Reached XP level 6. HP: 22/32 MP: 8/16
  3797 | D:4      | Found a sacrificial altar of Ru.
  4036 | D:4      | Reached skill level 5 in Air Magic
  4363 | D:4      | Reached skill level 6 in Spellcasting
  4647 | D:4      | Got a transparent helmet
  4658 | D:4      | Identified the +2 helmet "Ceghutso" {rF+ MP+9 Str-5} (You found it on level 4 of the Dungeon)
  4658 | D:4      | Lost strength.
  4839 | D:5      | Entered Level 5 of the Dungeon
  4855 | D:5      | Learned a level 2 spell: Blink
  4982 | D:5      | Reached XP level 7. HP: 30/36 MP: 10/18
  5185 | D:5      | Noticed esc's ghost (novice HOAr)
  5487 | D:5      | Killed esc's ghost
  5487 | D:5      | Reached skill level 7 in Spellcasting
  5487 | D:5      | Reached skill level 5 in Conjurations
  5710 | D:5      | Found a shattered altar of Ashenzari.
  5974 | D:6      | Noticed Blork the orc
  5984 | D:6      | Reached XP level 8. HP: 26/41 MP: 12/21
  5993 | D:6      | Killed Blork the orc
  6178 | D:6      | Reached skill level 8 in Spellcasting
  6249 | D:6      | Found a shimmering altar of Xom.
  6249 | D:6      | Noticed a dream sheep
  6249 | D:6      | Noticed a dream sheep
  6249 | D:6      | Noticed a dream sheep
  6249 | D:6      | Noticed a dream sheep
  6249 | D:6      | Noticed a dream sheep
  6253 | D:6      | Killed a dream sheep
  6253 | D:6      | Killed a dream sheep
  6253 | D:6      | Killed a dream sheep
  6255 | D:6      | Killed a dream sheep
  6255 | D:6      | Killed a dream sheep
  6593 | D:6      | Found a snail-covered altar of Cheibriados.
  6659 | D:6      | Found Suggyc's Distillery.
  6666 | D:6      | Bought a potion of degeneration for 10 gold pieces
  6666 | D:6      | Bought a potion of curing for 30 gold pieces
  6967 | D:7      | Reached skill level 9 in Spellcasting
  7484 | D:7      | Reached XP level 9. HP: 32/45 MP: 0/24
  7492 | D:7      | Slain by a wight

Vault maps used:
D:1:      minmay_arrival_three_doors
D:2:      kennysheep_six_static_rooms, lemuel_crystal_altar, first_ration,
          nicolae_gozag_seed_capital
D:3:      hangedman_decor_growths, fedhas_altar_3, uniq_ijyb, uniq_natasha
D:4:      nicolae_ru_great_annihilating_truth, grunt_ministairs_1
D:5:      marbit_many_paths, roderic_batcave
D:6:      kb_xom_exploding_sheep, serial_shops, nicolae_shop_behind_doors,
          basic_altar, uniq_blork_the_orc
D:7:      vehumet_altar_wand_db, nicolae_tso_carved_into_rock,
          minmay_temple_entry_glassed_door

Skill      XL: |  1  2  3  4  5  6  7  8 |
---------------+-------------------------+-----
Conjurations   | 2 3 4 5 7 |  7.5
Spellcasting   | 4 5 6 7 9 |  9.3
Air Magic      | 4 5 6 7 |  7.4
Dodging        | |  2.4
Stealth        | |  2.4

Action                   |  1- 3 |  4- 6 |  7- 9 || total
-------------------------+-------+-------+-------++-------
Melee: Unarmed           |       |     1 |       ||     1
       Dagger            |       |       |     4 ||     4
 Cast: Shock             |    90 |   126 |   140 ||   356
       Swiftness         |     3 |       |     1 ||     4
       Airstrike         |       |     4 |    16 ||    20
       Lightning Bolt    |       |       |     1 ||     1
  Use: Scroll            |       |       |     8 ||     8
  Eat: Chunk             |     4 |     9 |     8 ||    21
Armor: Robe              |     3 |    10 |     6 ||    19
Dodge: Dodged            |    23 |    52 |    44 ||   119

Table legend:
 A = Spawn XP
 B = Non-spawn XP
 C = Spawn XP percentage of total XP
 D = Spawn monster count
 E = Non-spawn monster count
 F = Spawn count percentage of total count
 G = Total turns spent on level
                    A         B        C        D         E        F      G
               +---------+---------+-------+---------+---------+-------+---------
         Total |       0 |    2833 |   0.0 |       0 |     152 |   0.0 |  7492
               +---------+---------+-------+---------+---------+-------+---------
           D:1 |       0 |      27 |   0.0 |       0 |      17 |   0.0 |   830
           D:2 |       0 |      53 |   0.0 |       0 |      16 |   0.0 |  1401
           D:3 |       0 |     126 |   0.0 |       0 |      33 |   0.0 |  1310
           D:4 |       0 |     511 |   0.0 |       0 |      28 |   0.0 |  1524
           D:5 |       0 |     548 |   0.0 |       0 |      20 |   0.0 |   852
           D:6 |       0 |     749 |   0.0 |       0 |      27 |   0.0 |   848
           D:7 |       0 |     819 |   0.0 |       0 |      11 |   0.0 |   727
               +---------+---------+-------+---------+---------+-------+---------
